 Dungeon Crawl Stone Soup version 0.29.1-1-gd02db6906a (webtiles) character file.

Game seed: 11515630657867523254

508 RKaid the Shooter (level 6, -2/36 HPs)
             Began as a Deep Elf Hunter on Sept 18, 2022.
             Succumbed to a killer bee's poison
             ... on level 5 of the Dungeon.
             The game lasted 00:06:14 (4622 turns).

RKaid the Shooter (Deep Elf Hunter)                 Turns: 4622, Time: 00:06:15

Health: -2/36      AC:  3    Str:  8    XL:     6   Next: 98%
Magic:  8/8        EV: 14    Int: 14    God:
Gold:   100        SH:  0    Dex: 20    Spells: 5/5 levels left

rFire   . . .      SeeInvis +   a - +3 shortbow
rCold   . . .      Faith    .   (shield currently unavailable)
rNeg    . . .      Spirit   .   m - +0 leather armour
rPois   .          Reflect  .   (no helmet)
rElec   .          Harm     .   (no cloak)
rCorr   .          Rampage  .   (no gloves)
Will    .....                   (no boots)
Stlth   +++.......              (no amulet)
HPRegen 0.12/turn               f - ring of see invisible {sInv}
MPRegen 0.11/turn               (no ring)

@: lethally poisoned (-2 -> -22)
A: no striking features
a: no special abilities


You were on level 5 of the Dungeon.
You visited 1 branch of the dungeon, and saw 5 of its levels.

You collected 100 gold pieces.

Inventory:

Hand Weapons
 a - a +3 shortbow (weapon)
   (You found it on level 3 of the Dungeon)
Armour
 m - a +0 leather armour (worn)
Magical Staves
 j - a staff of air {rElec}
   (You found it on level 2 of the Dungeon)
Jewellery
 d - a ring of flight {+Fly}
   (You found it on level 5 of the Dungeon)
 f - a ring of see invisible (left hand) {sInv}
   (You found it on level 1 of the Dungeon)
Wands
 p - a wand of quicksilver (5)
   (You took it off Sigmund on level 3 of the Dungeon)
 D - a wand of digging (7)
   (You found it on level 4 of the Dungeon)
Scrolls
 b - a scroll of immolation {!r}
 i - a scroll of enchant weapon
 t - 2 scrolls of teleportation
Potions
 e - 2 potions of haste {unknown}
 h - 6 potions of heal wounds
 k - 2 potions of might {unknown}
 l - a potion of lignification {unknown}
 o - 2 potions of attraction {unknown}
 q - a potion of ambrosia {unknown}
 r - 2 potions of invisibility
 s - a potion of mutation {unknown}


   Skills:
 + Level 2.7 Fighting
 * Level 7.8 Ranged Weapons
 * Level 5.6 Dodging
 + Level 3.9 Stealth


You had 5 spell levels left.
You didn't know any spells.
Your spell library contained the following spells:

 Spells                   Type           Power      Damage    Failure   Level
 Dazzling Flash           Conj/Hex       0%         N/A       77%         3
 Iskenderun's Mystic Bla  Conj/Tloc      0%         2d3       99%         4
 Fireball                 Conj/Fire      0%         3d3       100%        5
 Starburst                Conj/Fire      0%         6d3       100%        6
 Ignition                 Fire           0%         3d3       100%        8


Dungeon Overview and Level Annotations

Branches:
Dungeon (5/15)             Temple (0/1) D:5

Altars:
Qazlal

Annotations:
D:3 Ijyb


Message History

You feel sick.
You are no longer poisoned.
The killer bee closely misses you.
The gnoll hits you from afar with a +0 halberd.
The killer bee stings you.
You are poisoned.
The killer bee poisons you!
You feel sick. The killer bee stings you!
* * * LOW HITPOINT WARNING * * *
You feel better.
Your surroundings suddenly seem different. 2 gnolls and a scorpion come into view.
As you read the scroll of teleportation, it crumbles to dust.
You feel strangely unstable.
That's the wrong kind of item! (Use * to select it.) Evoke which item? (* to show all) (? for menu, Esc to quit)
Okay, then.
Unknown command.
You open the door.
Your surroundings suddenly seem different.
There is a stone staircase leading up here.
You start resting.
A gnoll is nearby!
You climb upwards.
There is a stone staircase leading down here.
You start resting.
There is a stone staircase leading down here.
You climb downwards.
There is a stone staircase leading up here.
You shoot an arrow. The arrow hits the gnoll!
You kill the gnoll!
No target in view!
Things that are here:
a +0 halberd; a gnoll corpse
There is an open door here.
There is an open door here.
Things that are here:
a +0 flail; a +0 flail You shoot an arrow.
The gnoll shouts!
The arrow hits the gnoll.
You hear an angry buzzing noise.
The gnoll hits you with a +0 whip.
You hear an angry buzzing noise. x2
You shoot an arrow. The arrow hits the gnoll.
You kill the gnoll!
No target in view!
No target in view!
You start resting.
A killer bee is nearby!
You shoot an arrow. The arrow barely misses the killer bee.
The killer bee buzzes angrily.
You hear an angry buzzing noise. x2
You shoot an arrow. The arrow hits the killer bee.
You hear an angry buzzing noise.
The killer bee stings you. The killer bee barely misses you.
You hear an angry buzzing noise.
You shoot an arrow.
The arrow closely misses the killer bee.
The killer bee misses you. The killer bee closely misses you.
You shoot an arrow. The arrow misses the killer bee.
The killer bee misses you.
The killer bee stings you but does no damage.
The killer bee barely misses you.
You shoot an arrow. The arrow hits the killer bee.
You hear an angry buzzing noise.
The killer bee closely misses you. The killer bee completely misses you.
You shoot an arrow. The arrow hits the killer bee.
The killer bee stings you but does no damage.
The killer bee stings you.
You are poisoned.
The killer bee poisons you!
You shoot an arrow. The arrow misses the killer bee.
You feel sick. The killer bee barely misses you. The killer bee stings you!
You are lethally poisoned!
The killer bee poisons you! The killer bee stings you.
You are more poisoned.
The killer bee poisons you! The killer bee stings you.
* * * LOW HITPOINT WARNING * * *
You are more poisoned.
The killer bee poisons you! The killer bee closely misses you.
You are too injured to fight recklessly!
You feel better. The killer bee closely misses you.
The killer bee stings you but does no damage. x2
The killer bee stings you.
As you read the scroll of teleportation, it crumbles to dust.
You feel strangely unstable. The killer bee stings you.
The killer bee barely misses you. x2
The killer bee stings you.
* * * LOW HITPOINT WARNING * * *
The killer bee attacks as you move away!
The killer bee barely misses you. The killer bee stings you.
* * * LOW HITPOINT WARNING * * *
You are lethally poisoned!
The killer bee poisons you! The killer bee stings you.
* * * LOW HITPOINT WARNING * * *
You are more poisoned.
The killer bee poisons you! The killer bee completely misses you.
The killer bee attacks as you move away!
The killer bee closely misses you.
Your surroundings suddenly seem different.
You die...

,******+****,,* #.#.#.## ##.....
,***,,,,,,,**,* #.#.#.# ##....
,,**,,,,,,,**,**#,#.#.#* ##...
*,+,,,,,,,,,+,**,,.....* ##'#
***,,,,,,,,,****,*####,# #)#
*,,,,,,,,,,,* #+#...#'# ####.#
****,,,,,,,**###.......#*###..yy#
,*,*+*,,,*+*,#..........,#.#'#...
**,,,*****,,,*#.@.......*#...###.
+,,,,,,*,,,,,,+.........'[.....#.
*,,,,,,*,,,,,,##.......##......##
,,,,,,,*,,,,,,,#.......#.......#*
,,,,,,,+,,,,,,,####'####.......'.
,,,,,,,*,,,,,,,*,,,..,,#.......##
*,,,,,,*,,,,,,**,,,,..,##......#*
+,,,,,,*,,,,,,+,,,,,...,'......#,
**,,,*****,,,**..,,,,,,,**,,,****


There were no monsters in sight!

Vanquished Creatures
  Sigmund (D:3)
  2 scorpions (D:4)
  A gnoll bouda (D:5)
  An iguana (D:3)
  3 adders
  7 gnolls
  An ufetubus (D:4)
  2 worms (D:2)
  2 dart slugs
  8 ball pythons
  3 bats
  3 endoplasms
  4 giant cockroaches
  8 goblins
  3 hobgoblins
  7 jackals
  10 kobolds
  A quokka (D:1)
  4 frilled lizards
  4 rats
75 creatures vanquished.

Notes
Turn   | Place    | Note
-------+----------+-------------------------------------------
     0 | D:1      | RKaid the Deep Elf Hunter began the quest for the Orb.
     0 | D:1      | Reached XP level 1. HP: 12/12 MP: 3/3
    82 | D:1      | Reached XP level 2. HP: 17/17 MP: 4/4
   428 | D:1      | Found a faded altar of an unknown god.
   436 | D:1      | Reached skill level 3 in Dodging
   692 | D:1      | Reached skill level 2 in Stealth
   717 | D:1      | HP: 4/17 [ball python (2)]
   727 | D:1      | HP: 2/17 [giant cockroach (2)]
   729 | D:1      | Reached XP level 3. HP: 3/21 MP: 5/5
  1776 | D:2      | Reached skill level 6 in Ranged Weapons
  2066 | D:2      | Reached XP level 4. HP: 25/26 MP: 6/6
  2162 | D:2      | Reached skill level 2 in Fighting
  2554 | D:3      | Found a stormy altar of Qazlal.
  2696 | D:3      | Noticed Sigmund
  2703 | D:3      | HP: 5/26 [Sigmund/puff of flame (8)]
  2705 | D:3      | Killed Sigmund
  2706 | D:3      | Reached skill level 7 in Ranged Weapons
  2706 | D:3      | Reached skill level 4 in Dodging
  2706 | D:3      | Reached skill level 3 in Stealth
  2706 | D:3      | Reached XP level 5. HP: 6/31 MP: 7/7
  2746 | D:3      | Reached XP level 6. HP: 12/36 MP: 8/8
  2944 | D:3      | Noticed Ijyb
  3573 | D:4      | Reached skill level 5 in Dodging
  4175 | D:5      | Entered Level 5 of the Dungeon
  4343 | D:5      | HP: 9/36 [poisoned by a killer bee]
  4343 | D:5      | HP: 2/36 [killer bee (7)]
  4618 | D:5      | HP: 8/36 [killer bee (3)]
  4621 | D:5      | HP: 3/36 [killer bee (5)]
  4622 | D:5      | Succumbed to a killer bee's poison

Illustrated notes

Levels and vault maps discovered:
D:1:      heliophobic_arrival_battle_scene, layout_basic,
          nicolae_ecumenical_snake_handling, minmay_tromino_v4_a
D:2:      layout_loops_corners
D:3:      layout_rooms, nicolae_qazlal_eye_of_the_storm, uniq_sigmund,
          uniq_grinder, uniq_ijyb
D:4:      layout_basic, kennysheep_potato
D:5:      nicolae_cairo_tiling_very_big, layout_loops_corners,
          mainiacjoe_overflow_swirl, temple_doors_ab

Skill      XL: |  1  2  3  4  5  6 |
---------------+-------------------+-----
Dodging        | 3 4 5 |  5.6
Stealth        | 2 3 |  3.9
Ranged Weapons | 6 7 |  7.8
Fighting       | 2 |  2.7

Action                   |  1- 3 |  4- 6 || total
-------------------------+-------+-------++-------
 Fire: Shortbow          |   137 |   107 ||   244
  Use: Scroll            |     4 |     8 ||    12
       Potion            |       |     2 ||     2
Armor: Leather armour    |    16 |    13 ||    29
Dodge: Dodged            |    49 |    40 ||    89

Table legend: (Time is in decaauts)
 A = Elapsed time spent in this place.
 B = Non-inter-level travel time spent in this place.
 C = Inter-level travel time spent in this place.
 D = Time resting spent in this place.
 E = Time spent auto-exploring this place.
 F = Levels seen in this place.
 G = Mean time per level.
                   A        B        C        D        E       F      G
               +--------+--------+--------+--------+--------+-----+--------+
         Total |   4681 |   4539 |    142 |   1159 |   2781 |   5 |  936.2 |
       Dungeon |   4681 |   4539 |    142 |   1159 |   2781 |   5 |  936.2 |
               +--------+--------+--------+--------+--------+-----+--------+

Top non-repeatable levels by time:
     D:1: 1675 daAuts
     D:3: 965 daAuts
     D:4: 883 daAuts
     D:2: 870 daAuts
     D:5: 286 daAuts

Table legend:
 A = Kills in this place as a percentage of kills in entire the game.
 B = Kills by you in this place as a percentage of kills by you in the entire game.
 C = Kills by friends in this place as a percentage of kills by friends in the entire game.
 D = Other kills in this place as a percentage of other kills in the entire game.
 E = Experience gained in this place as a percentage of experience gained in the entire game.
 F = Experience gained in this place divided by the number of levels of this place that you have seen.
                   A       B       C       D       E      F
               +-------+-------+-------+-------+-------+----------------------
         Total | 100.0 | 100.0 |   N/A |   N/A | 100.0 | 145.2
       Dungeon | 100.0 | 100.0 |   N/A |   N/A | 100.0 | 145.2
               +-------+-------+-------+-------+-------+----------------------
